 Dungeon Crawl Stone Soup version 0.30-a0-4-ga7cffc901d (webtiles) character file.

Game seed: 13658148382187378367

490 drugrobin the Sneak (level 6, -17/50 HPs)
             Began as a Demigod Delver on Aug 20, 2022.
             Blown up by Ijyb (18 damage)
             ... with a mindburst bolt
             ... on level 4 of the Dungeon.
             The game lasted 00:14:40 (4312 turns).

drugrobin the Sneak (Demigod Delver)                Turns: 4312, Time: 00:14:41

Health: -17/50     AC:  4    Str: 17      XL:     6   Next: 59%
Magic:  10/10      EV: 16    Int: 12      God:
Gold:   134        SH:  0    Dex: 18 (19) Spells: 3/7 levels left

rFire   + . .      SeeInvis .    (no weapon)
rCold   + . .      Faith    .    (no shield)
rNeg    . . .      Spirit   .    o - +0 leather armour
rPois   +          Reflect  .    (no helmet)
rElec   +          Harm     .    A - +0 cloak
rCorr   +          Rampage  .    (no gloves)
Will    .....                    (no boots)
Stlth   +++.......               (no amulet)
HPRegen 0.16/turn                r - +4 ring of evasion
MPRegen 0.12/turn                (no ring)

@: resistant, unable to drink
A: high MP 1, forlorn, divine attributes, deterioration 1, inability to drink
after injury 1, devolution 1
a: no special abilities


You were on level 4 of the Dungeon.
You visited 1 branch of the dungeon, and saw 5 of its levels.

You collected 134 gold pieces.

Inventory:

Hand Weapons
 a - a +2 vampiric dagger
 b - a +0 short sword
 c - a +0 sling
Missiles
 g - a curare-tipped dart
 i - 47 stones (quivered)
Armour
 o - a +0 leather armour (worn)
 A - a +0 cloak (worn)
Magical Staves
 l - a staff of cold
 y - a staff of death
Jewellery
 r - a +4 ring of evasion (left hand)
Scrolls
 d - 2 scrolls of magic mapping
 h - 4 scrolls of identify
 j - a scroll of silence {unknown}
 k - 2 scrolls of teleportation {unknown}
 m - a scroll of amnesia {unknown}
 n - a scroll of vulnerability {unknown}
 q - 2 scrolls of enchant weapon {unknown}
 t - a scroll of brand weapon {unknown}
 v - 2 scrolls of fog
 x - a scroll of summoning {unknown}
Potions
 w - 2 potions of flight


   Skills:
 - Level 2.6 Fighting
 + Level 4.8 Short Blades
 - Level 1.7 Dodging
 + Level 6.7 Stealth
 + Level 1.1 Spellcasting


You had 3 spell levels left.
You knew the following spells:

 Your Spells              Type           Power      Damage    Failure   Level
a - Summon Small Mammal   Summ           0%         N/A       36%         1
b - Mephitic Cloud        Conj/Pois/Air  0%         N/A       73%         3

Your spell library contained the following spells:

 Spells                   Type           Power      Damage    Failure   Level
 Apportation              Tloc           0%         N/A       36%         1
 Necrotise                Necr           0%         1d4       36%         1
 Dazzling Flash           Conj/Hex       0%         N/A       73%         3
 Ignite Poison            Fire/Tmut/Pois 0%         N/A       73%         3
 Iskenderun's Mystic Bla  Conj/Tloc      0%         2d3       98%         4
 Alistair's Intoxication  Tmut/Pois      0%         N/A       100%        5
 Freezing Cloud           Conj/Ice/Air   0%         6-21      100%        5
 Starburst                Conj/Fire      0%         6d3       100%        6


Dungeon Overview and Level Annotations

Branches:
Dungeon (5/15)             Temple (0/1) D:4

Shops:
D:5 !

Annotations:
D:4 Ijyb, Pikel


Innate Abilities, Weirdness & Mutations

You have an increased reservoir of magic. (+10% MP)
You shall have no god before yourself.
Your divine heritage dramatically boosts your attributes as you level up.
Your body sometimes deteriorates upon taking damage.
You occasionally lose the ability to drink potions when taking damage.
You have hidden genetic defects.


Message History

Unknown command.
You hit the phantom.
The phantom is almost destroyed.
The phantom hits you but does no damage.
Unknown command.
Unknown command.
Unknown command.
Unknown command.
You closely miss the phantom.
The phantom is almost destroyed.
The phantom hits you but does no damage.
Unknown command.
Unknown command.
Unknown command.
You barely miss the phantom.
The phantom is almost destroyed.
The phantom hits you but does no damage.
Unknown command.
Unknown command.
You barely miss the phantom.
The phantom is almost destroyed.
The phantom hits you but does no damage.
Unknown command.
Unknown command.
Unknown command.
You barely miss the phantom.
The phantom is almost destroyed.
You feel less wooden.
Your +0 cloak unmelds from your body.
Your +0 leather armour unmelds from your body.
The phantom hits you.
* * * LOW HITPOINT WARNING * * *
Unknown command.
Unknown command.
Okay, then.
You aren't carrying any items that you can evoke.
It was a potion of magic.
Magic courses through your body. The phantom closely misses you.
Ijyb zaps a wand.
Your mind is blasted!
You feel threatened and lose the ability to drink potions!
You die...

....#
#.....≈.....§.§§.§≈...##
......#.....≈.≈≈≈§§§≈§≈.≈§.##
.##.........≈.≈..§§.≈§§.§..#
...#...≈.≈.≈§§.≈.§§§..#
..####.≈.≈§§§≈§.§≈§§§.# #.
#..≈§§§≈.≈≈≈§§.≈..#
...≈§..§.§.§§..≈..#
...≈§≈§§W§§≈≈§≈≈..#
......†@...§......#
...........######.#
###.....#...(....(#
#........######## ....#...###
......###.##....# . ....#.##g
##...# .. ##.#.#... ......#
#.##..#...#.....#...


You could see a phantom and Ijyb.

Vanquished Creatures
  Sigmund (D:2)
  A black bear (D:4)
  A howler monkey (D:3)
  An orc priest (D:3)
  An orc wizard (D:3)
  2 gnolls
  3 adders
  A worm (D:2)
  4 dart slugs
  7 orcs
  3 bats
  8 endoplasms
  4 giant cockroaches
  3 hobgoblins
  11 jackals
  10 kobolds
  7 ball pythons
  3 frilled lizards
  4 goblins
  12 rats
87 creatures vanquished.

Vanquished Creatures (others)
  9 fungi (D:3)
  5 plants (D:3)
  10 toadstools (D:3)
24 creatures vanquished.

Grand Total: 111 creatures vanquished

Notes
Turn   | Place    | Note
-------+----------+-------------------------------------------
     0 | D:5      | drugrobin the Demigod Delver began the quest for the Orb.
     0 | D:5      | Reached XP level 1. HP: 18/18 MP: 3/3
    47 | D:5      | Noticed an ice beast
    72 | D:5      | Found Etim Moe's Distillery.
   108 | D:4      | Found a staircase to the Ecumenical Temple.
   121 | D:4      | Noticed a lemure
   121 | D:4      | Noticed a lemure
   125 | D:4      | Noticed a phantom
   125 | D:4      | Noticed a lemure
   126 | D:4      | Noticed Pikel
   134 | D:4      | Noticed an iguana
   391 | D:3      | Reached XP level 2. HP: 25/25 MP: 4/4
   408 | D:3      | Learned a level 1 spell: Summon Small Mammal
   910 | D:1      | Reached skill level 5 in Stealth
   988 | D:1      | Reached XP level 3. HP: 22/30 MP: 5/5
  1772 | D:2      | Noticed Sigmund
  1777 | D:2      | Killed Sigmund
  1778 | D:2      | Reached skill level 6 in Stealth
  1778 | D:2      | Reached XP level 4. HP: 37/37 MP: 6/6
  1778 | D:2      | Reached XP level 5. HP: 42/42 MP: 7/7
  2414 | D:3      | Reached XP level 6. HP: 18/50 MP: 8/8
  2779 | D:3      | Identified the +1 robe "Maoniyl" {rC+ rN+}
  3089 | D:3      | Learned a level 3 spell: Mephitic Cloud
  4281 | D:4      | Noticed Ijyb
  4284 | D:4      | HP: 2/50 [phantom (4)]
  4289 | D:4      | Gained mutation: You occasionally lose the ability to drink
                  | potions when taking damage. [potion of mutation]
  4289 | D:4      | Gained mutation: You have hidden genetic defects. [potion
                  | of mutation]
  4289 | D:4      | Gained mutation: Your body sometimes deteriorates upon
                  | taking damage. [potion of mutation]
  4289 | D:4      | HP: 2/75 [phantom (2)]
  4298 | D:4      | Reached skill level 1 in Spellcasting
  4311 | D:4      | HP: 1/50 [phantom (3)]
  4312 | D:4      | Blown up by Ijyb

Illustrated notes

Levels and vault maps discovered:
D:1:      heliophobic_arrival_ceremonial_halls, layout_rooms,
          hellmonk_ecumenical_altar_arch_garden
D:2:      layout_loops_ring, uniq_sigmund
D:3:      cheibrodos_fertilizer, layout_basic, mainiacjoe_overflow_alcove_4,
          nicolae_overflow_hidden_temple, serial_rivers,
          chequers_serial_rivers_room_a, chequers_serial_rivers_micro_b,
          chequers_serial_rivers_micro_b, chequers_serial_rivers_small_a,
          chequers_serial_rivers_micro_a
D:4:      layout_cave_pools, mainiacjoe_overflow_catwalk_spiral,
          temple_doors_cd, uniq_pikel, uniq_ijyb
D:5:      layout_loops_ring, serial_shops, nicolae_diamond_shop, uniq_menkaure

Skill      XL: |  1  2  3  4  5  6 |
---------------+-------------------+-----
Short Blades   | 2 4 |  4.8
Stealth        | 5 6 |  6.7
Spellcasting   | 1 |  1.1
Fighting       | |  2.6
Dodging        | |  1.7

Action                   |  1- 3 |  4- 6 || total
-------------------------+-------+-------++-------
Melee: Short sword       |   108 |     1 ||   109
       Dagger            |    37 |   230 ||   267
       Punch             |     3 |     2 ||     5
       Unarmed           |       |    18 ||    18
 Fire: Sling             |       |     4 ||     4
Throw: Stone             |     7 |     6 ||    13
       Dart              |       |     2 ||     2
 Cast: Summon Small Mamm |     2 |       ||     2
Evoke: Wand              |     1 |     2 ||     3
  Use: Potion            |     1 |     8 ||     9
       Scroll            |       |     5 ||     5
 Stab: Sleeping          |     8 |     6 ||    14
       Distracted        |       |     1 ||     1
Armor: Leather armour    |    37 |    28 ||    65
       Skin              |       |    33 ||    33
Dodge: Dodged            |    93 |   185 ||   278

Table legend: (Time is in decaauts)
 A = Elapsed time spent in this place.
 B = Non-inter-level travel time spent in this place.
 C = Inter-level travel time spent in this place.
 D = Time resting spent in this place.
 E = Time spent auto-exploring this place.
 F = Levels seen in this place.
 G = Mean time per level.
                   A        B        C        D        E       F      G
               +--------+--------+--------+--------+--------+-----+--------+
         Total |   4240 |   4095 |    145 |   1019 |   1588 |   5 |  848.0 |
       Dungeon |   4240 |   4095 |    145 |   1019 |   1588 |   5 |  848.0 |
               +--------+--------+--------+--------+--------+-----+--------+

Top non-repeatable levels by time:
     D:3: 1386 daAuts
     D:2: 1360 daAuts
     D:1: 976 daAuts
     D:4: 417 daAuts
     D:5: 99 daAuts
